[Event "*** SCC Grand Prix: Titled Tuesday Blitz"]
[Site "Chess.com"]
[Date "2020.06.09"]
[Round "8"]
[White "SamuelGhimpu2003"]
[Black "eljanov"]
[Result "1-0"]
[WhiteElo "2625"]
[BlackElo "2800"]
[TimeControl "180+1"]
[EndTime "10:35:44 PDT"]
[Termination "SamuelGhimpu2003 won on time"]

1. Nf3 d5 2. e3 Nf6 3. c4 e6 4. b3 Be7 5. Bb2 O-O 6. d4 b6 7. Nbd2 Bb7 8. Be2 Nbd7 9. O-O Ne4 10. Rc1 f5 11. Ne1 Bd6 12. Nd3 Qe7 13. f3 Qh4 14.
Ne5 Nxd2 15. Qxd2 Rad8 16. g3 Qe7 17. Nxd7 Rxd7 18. Qc3 c5 19. f4 Rc8 20. Qd2 cxd4 21. Bxd4 Ba3 22. Rcd1 Rcd8 23. cxd5 Rxd5 24. Bc4 R5d6 25.
Qe2 Ba8 26. Be5 Qb7 27. Bxd6 Qh1+ 28. Kf2 Qxh2+ 29. Ke1 Qxg3+ 30. Qf2 Qxf2+ 31. Kxf2 Bxd6 32. Bxe6+ Kf8 33. Bxf5 g6 34. Bg4 Ke7 35. Bf3 Bxf3 36. Kxf3 Rf8 37. Rd5 1-0

[Event "*** SCC Grand Prix: Titled Tuesday Blitz"]
[Site "Chess.com"]
[Date "2020.06.09"]
[Round "8"]
[White "2L8IWUN"]
[Black "Lion-Al-Messi"]
[Result "1-0"]
[WhiteElo "2560"]
[BlackElo "2408"]
[TimeControl "180+1"]
[EndTime "10:35:46 PDT"]
[Termination "2L8IWUN won on time"]

1. e4 e6 2. c4 d5 3. cxd5 exd5 4. Qb3 Nc6 5. exd5 Nb4 6. Bc4 Bf5 7. d3 Nf6 8. a3 Nbxd5 9. Nc3 c6 10. Qxb7 Rc8 11.
Nf3 Rc7 12. Qb3 Qe7+ 13. Ne2 Rb7 14. Qa4 Bd7 15. O-O Nb6 16. Qc2 Nxc4 17. dxc4 Qc5 18.
Re1 Be7 19. Be3 Qf5 20. Qa4 O-O 21. Ned4 Qg6 22. Ne5 Qh5 23. Nxd7 Rxd7 24. Nxc6 Bd6 25. h3 h6 26. Qb5 Qg6 27. Rad1 Qc2 28. Rd2 Qe4 29. Rd4 Qe6 30. Red1 Ne4 31. f3 Ng3 32. Re1 a6 33. Qd5 Ne2+ 34. Rxe2 Bh2+ 35. Kxh2 Rxd5 36. cxd5 Qd6+ 37. Bf4 Qc5 38. b4 Qb5 39. Rc2 Kh7 40.
d6 Re8 41. d7 Re1 42. d8=Q Qf1 43. Qd5 1-0

[Event "*** SCC Grand Prix: Titled Tuesday Blitz"]
[Site "Chess.com"]
[Date "2020.06.09"]
[Round "8"]
[White "LileKoridze"]
[Black "tan275"]
[Result "1-0"]
[WhiteElo "2294"]
[BlackElo "2183"]
[TimeControl "180+1"]
[EndTime "10:35:48 PDT"]
[Termination "LileKoridze won by checkmate"]

1. d4 Nf6 2. c4 e6 3. g3 d5 4. Bg2 dxc4 5. Nf3 c5 6. O-O Nc6 7.
Qa4 Bd7 8. Qxc4 Rc8 9. dxc5 Na5 10. Qd3 Bxc5 11. Bg5 Bc6 12. Qc3 O-O 13. Bxf6 gxf6 14.
Qxc5 Bxf3 15. Qxa7 Bxe2 16. Re1 Ba6 17. Qe3 Nc4 18. Qb3 Ne5 19. Nc3 Nd3 20. Re3 Nxf2 21.
Kxf2 Qd2+ 22. Ne2 Rc2 23. Re1 Rxb2 24. Qa4 Rxa2 25. Qf4 Kh8 26. Qxf6+ Kg8 27. Re5 Ra5 28. Rxa5 Qxa5 29. Be4 Qc5+ 30. Kg2 Qe3 31. Qf3 Qxf3+ 32. Kxf3 Rd8 33. Nf4 e5 34. Nh5 Rd6 35. Rc1 f6 36.
Rc8+ Kf7 37. Rc7+ Ke6 38. Ng7# 1-0

[Event "*** SCC Grand Prix: Titled Tuesday Blitz"]
[Site "Chess.com"]
[Date "2020.06.09"]
[Round "8"]
[White "Borsuk_Konstantin"]
[Black "temus_galaktionov"]
[Result "0-1"]
[WhiteElo "2567"]
[BlackElo "2721"]
[TimeControl "180+1"]
[EndTime "10:35:49 PDT"]
[Termination "temus_galaktionov won on time"]

1. d4 c6 2. c4 g6 3. Nc3 Bg7 4. e4 d6 5. Be3 Nd7 6. Nf3 e5 7. d5 c5 8. g4 Ne7 9. Rg1 f6 10. h4 h5 11. g5 f5 12. Bd3 Nb6 13. Qc2 O-O 14. b3 fxe4 15. Bxe4 Bf5 16. Nd2 Bxe4 17.
Ndxe4 Nf5 18. Rh1 a6 19. Ng3 Nc8 20. Nce4 Nce7 21. a3 b5 22. Ke2 Qd7 23. a4 bxc4 24.
bxc4 Nxg3+ 25. Nxg3 Qg4+ 26. Kd2 Nf5 27. Nxf5 gxf5 28. Rhg1 Qh3 29. Rh1 Qf3 30. Qd1 Qxd1+ 31. Kxd1 Rab8 32. Kc2 f4 33. Bd2 e4 34. Rab1 Bd4 35.
Rxb8 Rxb8 36. Re1 Rb2+ 37. Kc1 Ra2 38. Rxe4 f3 39. Rf4 Rxa4 40. Rxf3 Rxc4+ 41. Kd1 Be5 42. Ra3 Rxh4 43. Rxa6 Rd4 44. Ke2 Kf7 45. Ra3 Kg6 46. Rd3 Rxd3 47. Kxd3 h4 48. f4 h3 49. fxe5 h2 50.
exd6 h1=Q 51. d7 Qxd5+ 0-1

[Event "*** SCC Grand Prix: Titled Tuesday Blitz"]
[Site "Chess.com"]
[Date "2020.06.09"]
[Round "8"]
[White "kingofthenil"]
[Black "margarita_2703"]
[Result "1-0"]
[WhiteElo "2444"]
[BlackElo "2297"]
[TimeControl "180+1"]
[EndTime "10:35:49 PDT"]
[Termination "kingofthenil won by checkmate"]

1. d4 Nf6 2. c4 e6 3. Nc3 d5 4. a3 c6 5. Nf3 Nbd7 6. cxd5 exd5 7. Bf4 Be7 8. e3 Ne4 9. Bd3 Ndf6 10. O-O O-O 11. Qc2 Re8 12. Ne5 Nxc3 13. bxc3 Bd6 14.
c4 h6 15. Rab1 Ne4 16. cxd5 cxd5 17. Rfc1 Bxa3 18. Bxe4 dxe4 19. Qb3 Rxe5 20. Bxe5 Bxc1 21. Rxc1 b6 22. Rc7 Be6 23. Qa4 a5 24. h3 Rc8 25.
Qc6 Rxc7 26. Bxc7 Qd7 27. Qxb6 a4 28. Bd6 Qc8 29. Bc5 Qa8 30. Qb2 Qa5 31. Qa1 Bb3 32. Qc1 Qb5 33. Ba3 Qe2 34. Qc8+ Kh7 35. Qf5+ g6 36.
Qf6 Kg8 37. Kh2 Qh5 38. Qd8+ Kh7 39. Be7 f5 40. Qf8 g5 41. Bf6 Kg6 42. Qg7# 1-0

[Event "*** SCC Grand Prix: Titled Tuesday Blitz"]
[Site "Chess.com"]
[Date "2020.06.09"]
[Round "8"]
[White "ajian"]
[Black "gui_borba"]
[Result "0-1"]
[WhiteElo "2434"]
[BlackElo "2360"]
[TimeControl "180+1"]
[EndTime "10:35:50 PDT"]
[Termination "gui_borba won by resignation"]

1. d4 Nf6 2. c4 e6 3. Nc3 Bb4 4. Qc2 d5 5. cxd5 exd5 6. Bg5 h6 7. Bh4 c5 8. dxc5 g5 9. Bg3 Ne4 10. e3 Nc6 11. Bd3 Nxc5 12. Ne2 d4 13. exd4 Nxd4 14. Nxd4 Qxd4 15. Bb5+ Kf8 16. Rd1 Qe4+ 17. Qxe4 Nxe4 18. Be5 f6 19. O-O Bxc3 20. Bxc3 Nxc3 21. bxc3 Be6 22. Rd6 Ke7 23. Rfd1 Rhd8 24. Rxd8 Rxd8 25. Rxd8 Kxd8 26. a3 Kc7 27. f3 Kb6 28. Be8 Kc5 29.
Kf2 Kc4 30. a4 Kxc3 31. Ke3 Bd5 32. a5 Kb4 33. Kd4 Bc6 34. a6 Ka5 35. axb7 Bxb7 36. Kc5 Ba6 37. Kd6 Bf1 38. g3 Kb4 39. f4 a5 40. Ke6 Bb5 41. Bf7 Bc4+ 42. Kxf6 Bxf7 43. Kxf7 gxf4 44. gxf4 a4 45. f5 a3 46. f6 a2 47. Kg8 a1=Q 48. f7 Qg1+ 49. Kh8 Qf2 50. Kg8 Qg2+ 51. Kh8 Qf3 52. Kg8 Qg4+ 53. Kh8 Qf5 54.
Kg8 Qg6+ 55. Kf8 Kc5 56. h4 Kd6 57. h5 Qxh5 58. Kg7 Qxf7+ 59. Kxf7 h5 0-1

[Event "*** SCC Grand Prix: Titled Tuesday Blitz"]
[Site "Chess.com"]
[Date "2020.06.09"]
[Round "8"]
[White "VincentKeymer"]
[Black "GOGIEFF"]
[Result "0-1"]
[WhiteElo "2768"]
[BlackElo "2915"]
[TimeControl "180+1"]
[EndTime "10:35:51 PDT"]
[Termination "GOGIEFF won by checkmate"]

1. Nf3 Nf6 2. c4 g6 3. Nc3 Bg7 4. g3 O-O 5. Bg2 Nc6 6. O-O a6 7. d4 Rb8 8. b3 b5 9. Qd3 d6 10. Bg5 h6 11. Bxf6 Bxf6 12. e3 Bg7 13. Nd2 Nb4 14.
Qe2 c5 15. Nf3 bxc4 16. bxc4 Bg4 17. Rfd1 Nc6 18. d5 Bxc3 19. Rac1 Rb2 20. Qd3 Ne5 21. Qxc3 Nxf3+ 22. Bxf3 Bxf3 23. Qxb2 Qd7 24. Kf1 Qh3+ 25. Ke1 Qxh2 26. Rd3 Qg1+ 27. Kd2 Qxf2+ 28. Kc3 Qxg3 29. Qb7 Be4 30. Qxe7 Bxd3 31. Kxd3 h5 32. Rf1 h4 33. Rh1 h3 34. Qd7 h2 35. Qe7 Qg2 36. Qe4 Qxa2 37. Qh4 Re8 38. Rxh2 Qb3+ 39. Kd2 Qxe3+ 40. Kd1 Qd3+ 41.
Kc1 Qc3+ 42. Kd1 Qg7 43. Kc2 Rb8 44. Kd3 a5 45. Ra2 Rb3+ 46. Ke4 Qd4# 0-1

[Event "*** SCC Grand Prix: Titled Tuesday Blitz"]
[Site "Chess.com"]
[Date "2020.06.09"]
[Round "8"]
[White "Bayernbk"]
[Black "SargissyanSargis"]
[Result "1-0"]
[WhiteElo "2453"]
[BlackElo "2303"]
[TimeControl "180+1"]
[EndTime "10:35:51 PDT"]
[Termination "Bayernbk won by resignation"]

1. e4 e5 2. Nc3 Nf6 3. Nf3 Nc6 4. d4 exd4 5. Nxd4 Bb4 6. Nxc6 bxc6 7. Bd3 d5 8. exd5 cxd5 9. O-O O-O 10. Bg5 c6 11. Qf3 Bd6 12. Ne2 h6 13. Bxf6 Qxf6 14. Qxf6 gxf6 15.
Ng3 Rb8 16. Rab1 Bg4 17. h3 Be6 18. Nh5 f5 19. f4 c5 20. Ng3 d4 21. b3 c4 22.
Bxf5 Bc5 23. Bxe6 fxe6 24. Ne4 Bb6 25. Kh1 d3 26. cxd3 cxd3 27. Rbd1 Rbd8 28. g3 Rd4 29. Nd2 Bc7 30. Kg2 e5 31. fxe5 Bxe5 32. Rxf8+ Kxf8 33. Kf3 Bd6 34. Ne4 Bb4 35. Ke3 Rd7 36. Rxd3 Rg7 37. Rd8+ Ke7 38. Ra8 Ke6 39. Rh8 Rg5 40.
Nxg5+ hxg5 41. Ke4 1-0

[Event "*** SCC Grand Prix: Titled Tuesday Blitz"]
[Site "Chess.com"]
[Date "2020.06.09"]
[Round "8"]
[White "WiktoriaPOL"]
[Black "Ural_bogatyr"]
[Result "0-1"]
[WhiteElo "2045"]
[BlackElo "2296"]
[TimeControl "180+1"]
[EndTime "10:35:51 PDT"]
[Termination "Ural_bogatyr won on time"]

1. c4 Nf6 2. Nc3 e6 3. e4 d5 4. e5 Ne4 5. Nxe4 dxe4 6. d4 exd3 7. Qxd3 Qxd3 8. Bxd3 Nc6 9. f4 Bb4+ 10. Bd2 Bd7 11.
a3 Bxd2+ 12. Kxd2 O-O-O 13. Kc3 Ne7 14. Nf3 Bc6 15. b4 Nf5 16. Bxf5 exf5 17. Nd4 Be4 18.
Rhe1 g6 19. g3 c6 20. Rad1 Kc7 21. Nb3 b6 22. c5 Bf3 23. Rd6 Bd5 24. Nd4 h5 25. h4 Rhe8 26. Rf6 Re7 27. Rd1 Ra8 28. cxb6+ axb6 29. Kb2 Kb7 30. Rc1 Rc8 31. Rd1 Rec7 32. Rd6 Ra8 33. e6 fxe6 34. Nxe6 Re7 35. Nd4 Re3 36.
Rxg6 Raxa3 37. Nc2 Rab3+ 38. Kc1 Rxg3 39. Rxg3 Rxg3 40.
Nd4 Rg4 41. Nxf5 Rxf4 42. Ng7 Rxh4 43. b5 Rc4+ 44. Kb1 h4 45. bxc6+ Bxc6 46. Nf5 Rb4+ 47. Ka1 h3 48. Nd6+ Kc7 49. Nf5 h2 50. Ng3 Rg4 51.
Nh1 Bxh1 52. Rxh1 Rg1+ 0-1

[Event "*** SCC Grand Prix: Titled Tuesday Blitz"]
[Site "Chess.com"]
[Date "2020.06.09"]
[Round "8"]
[White "GoValya"]
[Black "MF1966Idrisov"]
[Result "0-1"]
[WhiteElo "2173"]
[BlackElo "2268"]
[TimeControl "180+1"]
[EndTime "10:35:53 PDT"]
[Termination "MF1966Idrisov won by resignation"]

1. d4 d6 2. c4 g6 3. d5 Bg7 4. g3 Nf6 5. Bg2 O-O 6. Nc3 c6 7.
Nf3 a5 8. O-O Na6 9. dxc6 bxc6 10. Nd4 Bb7 11. Nxc6 Qd7 12. Nxa5 Bxg2 13. Kxg2 Nc5 14.
Nb3 Nce4 15. Nxe4 Nxe4 16. Qc2 Qb7 17. Kg1 Rfc8 18. Be3 d5 19. c5 e5 20. Rfc1 Nd6 21. c6 Qb5 22. Qc5 Qxc5 23. Rxc5 d4 24. Bd2 Ne4 25.
Rc4 Bf8 26. f3 Nd6 27. Rc2 Ra6 28.
a3 Raxc6 29. Rxc6 Rxc6 30. Rc1 Rb6 31. Nc5 Rxb2 32. Bg5 Kg7 33. Nd7 Rb7 34. Nxf8 Kxf8 35.
Bf6 e4 36. Rc6 Ne8 37. Rc8 exf3 38. exf3 d3 39. Kf2 Rb6 40. Bd4 Re6 41. a4 Ke7 42. a5 Nf6 43. a6 d2 44. Bc5+ Kd7 45. a7 d1=Q 46. Rd8+ Kxd8 47. a8=Q+ Kd7 48. Qb7+ Kd8 49. Qa8+ Kc7 50. Qa7+ Kc6 51. Qb6+ Kd5 52. Qb7+ Kxc5 53. Qc7+ Kd5 54. Qe7 Rxe7 0-1

[Event "*** SCC Grand Prix: Titled Tuesday Blitz"]
[Site "Chess.com"]
[Date "2020.06.09"]
[Round "8"]
[White "AnishGiri"]
[Black "dretch"]
[Result "1-0"]
[WhiteElo "2977"]
[BlackElo "2817"]
[TimeControl "180+1"]
[EndTime "10:35:55 PDT"]
[Termination "AnishGiri won by checkmate"]

1. e4 e6 2. d4 d5 3. Nc3 Nf6 4. e5 Nfd7 5. f4 c5 6. Nf3 Nc6 7. Be3 cxd4 8. Nxd4 Bc5 9. Qd2 O-O 10. O-O-O a6 11.
Qf2 Bxd4 12. Bxd4 b5 13. Be3 Qa5 14. Kb1 b4 15. Ne2 Qc7 16. Nd4 Nxd4 17. Bxd4 a5 18.
Bb5 Ba6 19. Bxd7 Qxd7 20. b3 a4 21. Rd2 Rfc8 22. h4 axb3 23. cxb3 Rc3 24. Bxc3 bxc3 25. Rd4 Qa7 26. Rhd1 Bc4 27. bxc4 Rb8+ 28. Ka1 Rb2 29.
Qxb2 cxb2+ 30. Kb1 h5 31. cxd5 exd5 32. a4 Qd7 33. Kxb2 Qb7+ 34. Ka2 Qc6 35. Kb3 Qb6+ 36. Ka2 Qc6 37. R1d2 g6 38. g3 Qc3 39. R2d3 Qc6 40. Kb3 Qb6+ 41. Kc2 Qc7+ 42. Kd2 Qc6 43. a5 Qc5 44. Rxd5 Qb4+ 45. Ke2 Qb2+ 46. Ke3 Qg2 47.
Kd4 Qc2 48. Ke3 Qa2 49. Kf3 Kf8 50. e6 fxe6 51. Rd8+ Ke7 52. R3d7+ Kf6 53. Rf8# 1-0

[Event "*** SCC Grand Prix: Titled Tuesday Blitz"]
[Site "Chess.com"]
[Date "2020.06.09"]
[Round "8"]
[White "dey2580"]
[Black "csati17"]
[Result "1-0"]
[WhiteElo "2470"]
[BlackElo "2573"]
[TimeControl "180+1"]
[EndTime "10:35:57 PDT"]
[Termination "dey2580 won on time"]

1. d4 Nf6 2. Nf3 b6 3. g3 Bb7 4. Bg2 g6 5. O-O Bg7 6. b3 O-O 7. Bb2 d6 8. Nbd2 Nbd7 9. a4 a5 10. Nc4 Ne4 11. Nfd2 f5 12. Nxe4 fxe4 13. d5 Nf6 14.
Ne3 Nxd5 15. Nxd5 Bxb2 16. Rb1 Bg7 17. Bxe4 c6 18. Nf4 Qd7 19. c4 e5 20. Ng2 d5 21.
cxd5 cxd5 22. Bd3 Qh3 23. f3 Rad8 24. Rc1 Rf7 25. Bb5 Rdf8 26. Bc6 Bxc6 27. Rxc6 d4 28.
Qd3 Re8 29. Qe4 Bf8 30. Rxb6 d3 31. Rb5 d2 32. Rxa5 Rd8 33. Rd5 Rfd7 34. Rxd7 Qxd7 35. Rd1 Bc5+ 36. Kf1 Qd6 37. Ne3 Ba7 38. Nc4 Qc5 39. e3 Qc8 40. g4 Re8 41. Rxd2 h5 42. Qxg6+ Kf8 43. Qf6+ Kg8 44. Qg6+ Kf8 45. Rd6 1-0

[Event "*** SCC Grand Prix: Titled Tuesday Blitz"]
[Site "Chess.com"]
[Date "2020.06.09"]
[Round "8"]
[White "tylityli"]
[Black "DivyaDeshmukh23"]
[Result "0-1"]
[WhiteElo "2256"]
[BlackElo "2448"]
[TimeControl "180+1"]
[EndTime "10:35:57 PDT"]
[Termination "DivyaDeshmukh23 won by resignation"]

1. d4 Nf6 2. c4 e6 3. Nc3 Bb4 4. e3 O-O 5. Ne2 c5 6. d5 exd5 7. cxd5 d6 8. g3 b5 9. Bg2 Bb7 10.
O-O Bxc3 11. bxc3 Nbd7 12. f4 Re8 13. Qc2 Qe7 14. Rd1 Nb6 15. Rb1 a6 16. a4 Nbxd5 17. Rxd5 Bxd5 18. axb5 axb5 19. Rxb5 Ra2 20. Rb2 Rxb2 21. Qxb2 Bxg2 22. Kxg2 Qe4+ 23. Kg1 Ng4 24.
Qd2 Nxe3 25. Qxe3 Qxe3+ 26. Bxe3 Rxe3 27. Kf2 Rd3 28. g4 Rd1 29. h4 f6 30. h5 Kf7 31.
Ke3 d5 32. Ng3 Rc1 33. Ne2 Rh1 34. Kf2 f5 35. Kg2 Rh4 36. gxf5 Rxh5 37. Ng3 Rh4 38. Kf3 Rh3 39. Kg2 Rxg3+ 40. Kxg3 Kf6 41. Kg4 d4 42. cxd4 cxd4 43. Kf3 Kxf5 44. Kg3 Ke4 45. f5 d3 46. Kf2 h5 47. Ke1 h4 48. Kd2 h3 0-1

[Event "*** SCC Grand Prix: Titled Tuesday Blitz"]
[Site "Chess.com"]
[Date "2020.06.09"]
[Round "8"]
[White "Gloomy_Wanderer"]
[Black "Hrant_ChessMood"]
[Result "0-1"]
[WhiteElo "2789"]
[BlackElo "3076"]
[TimeControl "180+1"]
[EndTime "10:35:58 PDT"]
[Termination "Hrant_ChessMood won by resignation"]

1. d4 Nf6 2. Nf3 g6 3. c4 Bg7 4. g3 O-O 5. Bg2 d6 6. O-O Nc6 7. Nc3 e5 8. dxe5 dxe5 9. Bg5 Be6 10. Nd2 Qc8 11. Bxf6 Bxf6 12. Nde4 Bg7 13. Nd5 Rd8 14. Qa4 Kh8 15. Ng5 Re8 16. Nxe6 Rxe6 17. Rad1 f5 18. e4 Nd4 19. exf5 gxf5 20. Rfe1 c6 21. Ne3 Rg6 22. c5 b5 23. cxb6 axb6 24. Qc4 b5 25.
Qc5 Qf8 26. Qxf8+ Rxf8 27. a3 e4 28. Nf1 h5 29. Kh1 h4 30. Ne3 Be5 31. a4 bxa4 32. Nc4 Bg7 33. Ne3 Rb8 34. Rd2 h3 35. Bxh3 Nf3 36.
Ree2 Nxd2 37. Rxd2 f4 38. gxf4 Rxb2 39. Rd8+ Kh7 40.
Bf5 Rb1+ 41. Nd1 a3 42. Bxe4 a2 43. f5 Rf6 0-1

[Event "*** SCC Grand Prix: Titled Tuesday Blitz"]
[Site "Chess.com"]
[Date "2020.06.09"]
[Round "8"]
[White "rynos0411"]
[Black "ARTHURMOTIVATOR"]
[Result "0-1"]
[WhiteElo "2382"]
[BlackElo "2284"]
[TimeControl "180+1"]
[EndTime "10:35:58 PDT"]
[Termination "ARTHURMOTIVATOR won by checkmate"]

1. d4 g6 2. c4 Bg7 3. Nc3 d6 4. e4 Nc6 5. Be3 e5 6. d5 Nd4 7. Nge2 Nxe2 8. Bxe2 f5 9. f3 Nh6 10. Qd2 Nf7 11. h4 f4 12. Bf2 O-O 13. c5 a6 14. b4 Bd7 15. Rc1 Kh8 16. Nd1 Bf6 17.
Nb2 Bb5 18. a4 Bxe2 19. Qxe2 g5 20. hxg5 Bxg5 21. Nc4 Rg8 22. b5 axb5 23. axb5 dxc5 24. Bxc5 Be7 25. Bg1 Bb4+ 26. Kf1 Qe7 27. Rh5 Rg6 28. b6 Rag8 29. bxc7 Qxc7 30. Rh2 Qd8 31. Qb2 Bd6 32. Qxb7 R8g7 33. Nb6 Qg8 34. Rc8 Bf8 35. Nd7 Nd6 36. Rxf8 Nxb7 37. Rxg8+ Kxg8 38. Nxe5 Ra6 39. Bf2 Nd6 40.
Nd3 Nc4 41. Nxf4 Rb7 42. g4 Rb2 43. Kg2 Raa2 44. Kg3 Nd2 45. Rg2 Nf1+ 46. Kh3 Rxf2 47. Rxf2 Rxf2 48. d6 Rh2# 0-1

[Event "*** SCC Grand Prix: Titled Tuesday Blitz"]
[Site "Chess.com"]
[Date "2020.06.09"]
[Round "8"]
[White "Reader777"]
[Black "Gareth-Bale11"]
[Result "1-0"]
[WhiteElo "2617"]
[BlackElo "2769"]
[TimeControl "180+1"]
[EndTime "10:35:59 PDT"]
[Termination "Reader777 won by checkmate"]

1. d4 e6 2. c4 c5 3. d5 exd5 4. cxd5 d6 5. Nc3 g6 6. e4 Bg7 7.
Nf3 a6 8. a4 Nh6 9. Be2 O-O 10.
O-O f5 11. Bg5 Qe8 12. Qd2 Nf7 13. exf5 Nxg5 14. Nxg5 Bxf5 15. Bd3 Bxd3 16. Qxd3 Nd7 17. Ne6 Ne5 18. Qe4 Rf7 19. Nxg7 Kxg7 20. f4 Ng4 21. Rae1 Qxe4 22. Nxe4 Rd7 23. f5 Rf8 24. fxg6 Rxf1+ 25. Rxf1 hxg6 26. Ng5 Nf6 27. Ne6+ Kf7 28. Ng5+ Ke7 29. Re1+ Kd8 30. Ne6+ Kc8 31. Rf1 Rf7 32. g4 g5 33.
Nxg5 Rg7 34. Rxf6 Rxg5 35. Rf4 b5 36. axb5 axb5 37. h4 Rg8 38. h5 c4 39. Kg2 Kc7 40. Kg3 Kb6 41. Kh4 Kc5 42. g5 b4 43. g6 c3 44. bxc3 bxc3 45. Kg5 Kxd5 46. h6 Ke5 47. Rf1 d5 48. h7 Rb8 49. g7 Ke4 50. h8=Q Rb5 51.
g8=Q d4+ 52. Kg4 Ke3 53. Qh3+ Kd2 54. Qa2+ c2 55. Rf2+ Ke1 56. Qf1# 1-0

[Event "*** SCC Grand Prix: Titled Tuesday Blitz"]
[Site "Chess.com"]
[Date "2020.06.09"]
[Round "8"]
[White "Khvicha_Supatashvili"]
[Black "mbojan"]
[Result "1/2-1/2"]
[WhiteElo "2721"]
[BlackElo "2642"]
[TimeControl "180+1"]
[EndTime "10:35:59 PDT"]
[Termination "Game drawn by agreement"]

1. d4 Nf6 2. c4 c5 3. d5 b5 4.
cxb5 a6 5. b6 d6 6. Nc3 Nbd7 7.
Nf3 g6 8. e4 Bg7 9. Be2 O-O 10.
O-O Rb8 11. Qc2 Qxb6 12. b3 Ng4 13. Bb2 Nge5 14. Nxe5 Nxe5 15. Na4 Qa7 16. Kh1 Bd7 17. f4 Bxa4 18. fxe5 Bb5 19. exd6 exd6 20. Bxg7 Kxg7 21. Qb2+ Kg8 22. Rf6 Qe7 23. Bf3 Rfe8 24. Qc3 Bd7 25. Rf1 Rb4 26. e5 dxe5 27. Be2 Rd4 28. Bc4 Bf5 29.
Rxa6 e4 30. d6 Rxd6 31. Rxd6 Qxd6 32. Qe3 Qd4 33. Re1 Rd8 34. h3 Qxe3 35. Rxe3 Rd1+ 36.
Kh2 Kg7 37. g4 Rd2+ 38. Kg3 Be6 39. Bxe6 fxe6 40. Rxe4 Rxa2 41. Rxe6 Ra3 42. Re7+ Kg8 43. Kf4 Rxb3 44. h4 c4 45. Rc7 Rb4 46. Kg5 c3 47.
Rxc3 Rb7 48. Rc5 Kg7 49. Kf4 Rf7+ 50. Kg3 Ra7 51. Rc3 Ra4 52. g5 Ra5 53. Rc7+ Kg8 1/2-1/2

[Event "*** SCC Grand Prix: Titled Tuesday Blitz"]
[Site "Chess.com"]
[Date "2020.06.09"]
[Round "8"]
[White "GHANDEEVAM2003"]
[Black "Maghalashvili"]
[Result "1-0"]
[WhiteElo "2980"]
[BlackElo "2773"]
[TimeControl "180+1"]
[EndTime "10:36:02 PDT"]
[Termination "GHANDEEVAM2003 won by resignation"]

1. e4 c5 2. Nf3 d6 3. d4 cxd4 4.
Nxd4 Nf6 5. Nc3 a6 6. Be2 e5 7. Nf3 Be7 8. Bg5 Be6 9. Bxf6 Bxf6 10. Qd2 Be7 11. O-O Nd7 12. Nd5 Bxd5 13. Qxd5 Qc7 14. Rfd1 Nf6 15. Qd3 O-O 16. c4 b5 17. Nd2 b4 18.
Nf1 Qc6 19. Ne3 a5 20. a3 bxa3 21. Rxa3 Rfb8 22. Ra2 Rb4 23. Bf3 Rab8 24. Rd2 a4 25.
h4 g6 26. g4 Rb3 27. Qe2 h6 28. h5 Kg7 29. Bg2 Nd7 30. Nd5 Bg5 31. hxg6 fxg6 32. Rc2 Nc5 33. Qd1 Ne6 34. Rc3 Rxb2 35. Qxa4 Qxa4 36.
Rxa4 Rb1+ 37. Bf1 Nc5 38. Ra7+ R8b7 39. Rxb7+ Rxb7 40. Bg2 Bf4 41. Nxf4 exf4 42. Bf3 Kf6 43. e5+ Kxe5 44. Bxb7 Kd4 45. Rf3 g5 46. Bd5 Nd3 47.
Rh3 Ne5 48. Rxh6 Nxg4 49. Rh5 Ne5 50. Rxg5 1-0

[Event "*** SCC Grand Prix: Titled Tuesday Blitz"]
[Site "Chess.com"]
[Date "2020.06.09"]
[Round "8"]
[White "TigrVShlyape"]
[Black "cassoulet"]
[Result "1-0"]
[WhiteElo "2888"]
[BlackElo "2614"]
[TimeControl "180+1"]
[EndTime "10:36:03 PDT"]
[Termination "TigrVShlyape won by resignation"]

1. d4 d5 2. Nf3 Nf6 3. Bf4 g6 4. e3 Bg7 5. h3 O-O 6. c3 c5 7.
Nbd2 Nc6 8. Be2 Nd7 9. O-O e5 10.
dxe5 Ndxe5 11. Nxe5 Nxe5 12. Nf3 Nc6 13. Qb3 c4 14.
Qa3 Be6 15. Rfd1 Qb6 16. Rd2 Rfd8 17. Rad1 Qb5 18. b3 Bxc3 19. bxc4 Qb4 20. Qxb4 Nxb4 21. c5 Bxd2 22. Rxd2 Rac8 23. a3 Nc6 24. Rb2 Rd7 25.
Bb5 f6 26. Nd4 Bf7 27. Bxc6 bxc6 28. a4 g5 29. Bh2 Bg6 30. Rb3 Re7 31. Bd6 Re4 32.
a5 f5 33. f3 Ree8 34. Kf2 f4 35. exf4 gxf4 36. Bxf4 Re7 37. Bd6 Rf7 38. g4 h6 39.
f4 Be4 40. f5 h5 41. Kg3 hxg4 42. hxg4 Rh7 43. Kf4 Rh1 44. Rb7 Rd1 45. Be5 Rf1+ 46. Kg5 Re8 47. Ne6 Rxe6 48. fxe6 Kf8 49. Bd6+ Kg8 50.
e7 Kf7 51. Rb8 Kg7 1-0

[Event "*** SCC Grand Prix: Titled Tuesday Blitz"]
[Site "Chess.com"]
[Date "2020.06.09"]
[Round "8"]
[White "RobertoJBM"]
[Black "CrushingKings"]
[Result "0-1"]
[WhiteElo "2705"]
[BlackElo "2527"]
[TimeControl "180+1"]
[EndTime "10:36:04 PDT"]
[Termination "CrushingKings won on time"]

1. d4 Nf6 2. c4 g6 3. Nc3 Bg7 4. e4 d6 5. f3 c6 6. Be3 a6 7. Qd2 b5 8. b3 Nbd7 9. Rc1 O-O 10.
Nge2 bxc4 11. bxc4 c5 12. d5 Ne5 13. Ng3 e6 14. Be2 exd5 15. cxd5 h5 16. O-O h4 17. Nh1 h3 18. g3 Qa5 19. Nf2 Re8 20. Rb1 Bd7 21. Rb3 Rab8 22. Rfb1 Rb4 23. Rxb4 cxb4 24. Ncd1 Rb8 25. Bd4 Ba4 26. Nxh3 Ned7 27. Nhf2 Nc5 28. Ne3 Nfd7 29. Nc4 Qc7 30. Bxg7 Kxg7 31. Rxb4 Bb5 32. Qd4+ Kg8 33. Ng4 a5 34. Rb2 Bxc4 35. Rxb8+ Qxb8 36. Bxc4 Qb4 37. Kg2 Ne5 38. Ne3 Nxc4 39.
Nxc4 a4 40. a3 Qb3 41. Nxd6 Nd7 42. Nc4 Qc2+ 43. Kh3 Qc1 44. f4 Qd1 45. Ne3 Qxd4 0-1

[Event "*** SCC Grand Prix: Titled Tuesday Blitz"]
[Site "Chess.com"]
[Date "2020.06.09"]
[Round "8"]
[White "vanyakuba"]
[Black "novendrapriasmoro"]
[Result "0-1"]
[WhiteElo "2449"]
[BlackElo "2659"]
[TimeControl "180+1"]
[EndTime "10:36:06 PDT"]
[Termination "novendrapriasmoro won on time"]

1. e4 c5 2. c3 Nc6 3. d4 cxd4 4.
cxd4 Nf6 5. e5 Nd5 6. Nf3 d6 7. Bc4 e6 8. O-O Be7 9. a3 dxe5 10. dxe5 O-O 11. Qe2 a6 12. Qe4 b5 13. Bd3 g6 14. Bh6 Re8 15. Nbd2 Bb7 16. h4 Qb6 17. h5 Bf8 18. Bxf8 Rxf8 19. Qh4 Kg7 20. Ne4 Nd4 21. Nf6 Nxf3+ 22. gxf3 h6 23. Nxd5 exd5 24. Rac1 Rac8 25. f4 Qe6 26. Qg3 Kh7 27. f5 gxf5 28. Qf4 Rg8+ 29. Kh2 Rg5 30. Rxc8 Bxc8 31. Rg1 Rxh5+ 32. Kg2 Rg5+ 33.
Kf1 Rxg1+ 34. Kxg1 Bd7 35. Qd4 Bc6 36. f4 Bd7 37.
Qa7 Qg6+ 38. Kf2 Be6 39. Qd4 Qg4 40. Be2 Qh3 41. b4 h5 42. Qc5 h4 0-1

[Event "*** SCC Grand Prix: Titled Tuesday Blitz"]
[Site "Chess.com"]
[Date "2020.06.09"]
[Round "8"]
[White "KamlaPasand"]
[Black "bazar-wokzal"]
[Result "0-1"]
[WhiteElo "2214"]
[BlackElo "2382"]
[TimeControl "180+1"]
[EndTime "10:36:06 PDT"]
[Termination "bazar-wokzal won on time"]

1. e4 Nc6 2. Nc3 Nf6 3. Nf3 d5 4. exd5 Nxd5 5. Bc4 Be6 6. Bb3 Nxc3 7. bxc3 Bd5 8. d4 e6 9. O-O Be7 10. Be3 O-O 11. c4 Bxf3 12. gxf3 Bf6 13. c3 Ne7 14. Bc2 Ng6 15. Bxg6 hxg6 16. h4 Bxh4 17. Kg2 Bg5 18. Qd2 Bxe3 19. Qxe3 Qd7 20. Rh1 f6 21. Qe4 Kf7 22. Qxb7 a5 23. Qe4 Rab8 24. Rh3 Rb2 25. Rg3 g5 26. f4 f5 27. Qe5 g4 28.
Rh1 Qd6 29. Qxa5 Qxf4 30. Rf1 Rh8 31. Qe5 Qxe5 32. dxe5 Rxa2 33. Rd3 Re8 34. Rb1 Ra5 35. Rb7 Rc5 36. Rd4 g5 37. Kf1 f4 38. Kg2 Re7 39. Rd8 Rxe5 40. Rbb8 Rc5 41. Rg8 Kf6 42. Rbf8+ Rf7 43.
Re8 Rxc4 44. Rh8 Kf5 45. Rh6 Rf6 46. Rh5 Rxc3 47. Rg8 Rg6 48. Rf8+ Ke4 49. Rh7 g3 50. fxg3 Rxg3+ 51. Kf2 Rc3 52. Rd7 Rc2+ 53. Ke1 Rh6 0-1

[Event "*** SCC Grand Prix: Titled Tuesday Blitz"]
[Site "Chess.com"]
[Date "2020.06.09"]
[Round "8"]
[White "Bigfish1995"]
[Black "Anton_Demchenko"]
[Result "1-0"]
[WhiteElo "2996"]
[BlackElo "2821"]
[TimeControl "180+1"]
[EndTime "10:36:07 PDT"]
[Termination "Bigfish1995 won by resignation"]

1. d4 Nf6 2. c4 d6 3. Nc3 e5 4. Nf3 Nc6 5. e3 Be7 6. Be2 O-O 7. O-O Re8 8. a3 Bf8 9. b4 e4 10. Nd2 Bf5 11. Bb2 Bg6 12. Kh1 h5 13. Nd5 h4 14.
Nf4 Bh7 15. g4 g5 16. Nh3 Bh6 17. b5 Ne7 18. d5 Ng6 19. f4 exf3 20. Nxf3 Nd7 21.
Bd3 Rxe3 22. Bf5 Nde5 23. Nxe5 dxe5 24. Ng1 Bf8 25. Nf3 Bc5 26. Qd2 f6 27. Qc2 Qe8 28. Bc1 Rd8 29. Bxe3 Bxe3 30. Rae1 Bc5 31. a4 Kg7 32. a5 Bg8 33. Nd2 Nf4 34. Ne4 Bd4 35. Qd2 Qf8 36. Rf3 a6 37. bxa6 bxa6 38. Rb1 Qe8 39. Rb7 Qa4 40. Rxc7+ Kh8 41. Rf1 Nxd5 42.
cxd5 Bxd5 43. Rh7+ Kg8 44. Qg2 Bxe4 45. Qxe4 Qa2 46. Be6+ Qxe6 47. Qg6+ 1-0